cohdb
Replays
Latest Replays
All Replays
Popular Replays
Top Player Replays
Match Explorer
How It Works
Community
CoH3 Stats
Reddit
Sign in to upload your games and track your stats! โ
Sign in with Steam
PutPut-AusarTheVile + de Dr. Jekyll vs. FLOKL + ๐๐ถ๐น๐น๐พ๐
Match 23295521
Overview
Messages
Build Orders
End
Selects Italian Combined Arms Battlegroup
Selects Italian Combined Arms Battlegroup
Selects Bersaglieri Squad
Bersaglieri Squad
Kradschรผtzen Motorcycle Team
Bersaglieri Squad
Bersaglieri Squad
Construct Light Support Kompanie
2.5-tonne Medical Truck
Selects Bersaglieri Bolster
Fire Support Elements
Pak 38 Mechanized Group
Selects Breda Model 30 Light Machine Guns
Flakvierling Half-track
Vehicle Survival Package
๐๐ถ๐น๐น๐พ๐
FLOKL
PutPut-AusarTheVile
Dr. Jekyll
0
0
Comments
sign in to comment!
No comments posted yet!